 Dungeon Crawl Stone Soup version 0.29.1-12-g30fa7ad0bf (webtiles) character file.

Game seed: 7762969471150595648

879 hawla the Firebug (level 8, -15/57 HPs)
             Began as a Meteoran Fire Elementalist on Jan 13, 2023.
             Was an Initiate of Vehumet.
             Demolished by an orc warrior
             ... wielding a +0 long sword
              (16 damage)
             ... on level 6 of the Dungeon.
             The game lasted 00:03:36 (876 turns).

hawla the Firebug (Meteoran Fire Elementalist)       Turns: 876, Time: 00:03:37

Health: -15/57     AC:  2    Str:  7 (9)  XL:     8   Next: 50%
Magic:  5/17       EV: 13    Int: 18 (20) God:    Vehumet [......]
Gold:   89         SH:  0    Dex: 13 (14) Spells: 11/18 levels left

rFire   . . .      SeeInvis .   (no weapon)
rCold   . . .      Faith    .   (no shield)
rNeg    . . .      Spirit   .   a - +0 robe
rPois   .          Reflect  .   (no helmet)
rElec   .          Harm     .   (no cloak)
rCorr   .          Rampage  .   (no gloves)
Will    +....                   (no boots)
Stlth   +.........              (no amulet)
HPRegen 0.19/turn               (no ring)
MPRegen 0.15/turn               (no ring)

@: attractive, very slightly contaminated, glowing, invisible (but backlit and
visible)
A: sense surroundings 1, otherworldly, glowing, explore regen
a: Renounce Religion


You were on level 6 of the Dungeon.
You worshipped Vehumet.
Vehumet was noncommittal.
You visited 2 branches of the dungeon, and saw 7 of its levels.

You collected 89 gold pieces.

Inventory:

Armour
 a - a +0 robe (worn)
Scrolls
 c - 4 scrolls of blinking {unknown}
 d - a scroll of identify {unknown}
 f - 2 scrolls of fog {unknown}
 h - a scroll of fear {unknown}
Potions
 e - 2 potions of attraction


   Skills:
 + Level 3.9 Dodging
 - Level 1.6 Stealth
 + Level 5.7 Spellcasting
 + Level 5.3 Conjurations
 + Level 7.6 Fire Magic


You had 11 spell levels left.
You knew the following spells:

 Your Spells              Type           Power      Damage    Failure   Level
a - Foxfire               Conj/Fire      100%       2x1d9     1%          1
b - Scorch                Fire           64%        2d8       1%          2
c - Flame Wave            Conj/Fire      28%        2d9       9%          4

Your spell library contained the following spells:

 Spells                   Type           Power      Damage    Failure   Level
 Magic Dart               Conj           96%        1d7       1%          1
 Searing Ray              Conj           48%        2d6       1%          2
 Conjure Flame            Conj/Fire      28%        6-21      2%          3
 Inner Flame              Hex/Fire       18%        N/A       8%          3
 Ozocubu's Armour         Ice            5%         N/A       36%         3
 Fulminant Prism          Conj/Hex       7%         3d7       38%         4
 Metabolic Englaciation   Hex/Ice        2%         N/A       98%         5
 Simulacrum               Ice/Necr       2%         N/A       100%        6
 Chain Lightning          Conj/Air       7%         3d9       100%        9
 Fire Storm               Conj/Fire      14%        8d4       100%        9
 Shatter                  Erth           2%         3d6*      100%        9


Dungeon Overview and Level Annotations

Branches:
Dungeon (6/15) Zot: 2920   Temple (1/1) D:4 Zot: 396

Altars:
Elyvilon
Fedhas
Gozag
Hepliaklqana
Kikubaaqudgha
Makhleb
Nemelex Xobeh
Okawaru
Qazlal
Ru
Trog
Uskayaw
Vehumet
Wu Jian
Xom
Yredelemnul
Zin
The Shining One


Innate Abilities, Weirdness & Mutations

You passively map a small area around you.
You are easily found by Zot.
You glow in the dark.
You regain HP and MP as you explore.


Message History

The bolt hits you!
* * * LOW HITPOINT WARNING * * *
It was a potion of attraction.
You feel attractive to monsters.
The orc warrior is attracted toward you.
The orc is attracted toward you.
It was a potion of degeneration.
There was something very wrong with that liquid.
You feel weakened.
You feel dopey.
You feel clumsy.
The orc warrior is attracted toward you.
The orc is attracted toward you.
It was a potion of invisibility.
You become transparent, but the glow from your body prevents you from becoming completely invisible.
The orc warrior unwields a +0 arbalest.
The orc warrior wields a +0 long sword.
The orc warrior hits you with a +0 long sword!
* * * LOW HITPOINT WARNING * * *
It was a potion of heal wounds.
You feel much better.
The orc warrior hits you with a +0 long sword.
The orc hits you with a +0 short sword.
Casting: Foxfire (safe; 1% risk of failure)
Confirm with . or Enter, or press ? or * to list all spells.
Flames lash the orc warrior.
The orc warrior is lightly wounded.
The orc warrior's fire resistance burns away.
You hear a shout!
The orc warrior hits you with a +0 long sword!!
* * * LOW HITPOINT WARNING * * *
The orc hits you with a +0 short sword.
* * * LOW HITPOINT WARNING * * *
An orc comes into view. It is wielding a +0 hand axe.
The orc is attracted toward you.
Casting: Scorch (safe; 1% risk of failure)
Confirm with . or Enter, or press ? or * to list all spells.
Casting: Flame Wave (dangerous; 9% risk of failure)
Press: ? - help, Dir - look around, f - activate You miscast Flame Wave.
You are very lightly contaminated with residual magic.
Nothing appears to happen.
The orc warrior hits you with a +0 long sword!
You die...

..#...........#** * *
###...........# , *
#...........#### , *
*#.....†........# ,
#..............#
#..............# *
#......§.......# *
#.........o..o.####+###
,
#....o.......o@........
....#..###+##....(.....
, . ..##? * #..........
* #. #....(..... ## *
#.......... ** , ,
..)........ ** +
............ * * ,,,
....#########* ,


You could see an orc warrior (combustible) and 2 orcs.

Vanquished Creatures
  A steam dragon (D:6)
  Menkaure (D:5)
  A water moccasin (D:6)
  A black bear (D:4)
  A sky beast (D:6)
  An ogre (D:4)
  A bullfrog (D:6)
  A scorpion (D:4)
  A jelly (D:6)
  A hound (D:4)
  2 iguanas
  An orc wizard (D:6)
  An adder (D:6)
  2 orcs (D:6)
  An endoplasm (D:4)
  A goblin (D:3)
18 creatures vanquished.

Vanquished Creatures (others)
  46 foxfires
46 creatures vanquished.

Grand Total: 64 creatures vanquished

Notes
Turn   | Place    | Note
-------+----------+-------------------------------------------
     0 | D:1      | hawla the Meteoran Fire Elementalist began the quest for
                  | the Orb.
     0 | D:1      | Reached XP level 1. HP: 14/14 MP: 5/5
   169 | D:4      | Noticed a scorpion
   175 | D:4      | Killed a scorpion
   176 | D:4      | Reached skill level 4 in Fire Magic
   176 | D:4      | Reached XP level 2. HP: 20/20 MP: 0/7
   176 | D:4      | Reached XP level 3. HP: 26/26 MP: 0/8
   176 | D:4      | Reached XP level 4. HP: 33/33 MP: 0/10
   179 | D:4      | Learned a level 2 spell: Scorch
   184 | D:4      | Learned a level 4 spell: Flame Wave
   195 | D:4      | Noticed a black bear
   200 | D:4      | Killed a black bear
   201 | D:4      | Reached XP level 5. HP: 38/38 MP: 3/11
   224 | D:4      | Reached XP level 6. HP: 31/45 MP: 2/12
   282 | D:4      | Reached skill level 5 in Fire Magic
   315 | D:4      | Noticed an ogre
   318 | D:4      | Killed an ogre
   332 | D:4      | Found a staircase to the Ecumenical Temple.
   337 | Temple   | Entered the Ecumenical Temple
   517 | Temple   | Became a worshipper of Vehumet
   690 | D:5      | Entered Level 5 of the Dungeon
   761 | D:5      | Noticed Menkaure
   768 | D:5      | Killed Menkaure
   769 | D:5      | Reached skill level 5 in Conjurations
   769 | D:5      | Reached skill level 6 in Fire Magic
   769 | D:5      | Reached XP level 7. HP: 26/50 MP: 8/14
   793 | D:6      | Noticed a water moccasin
   801 | D:6      | Noticed a steam dragon
   805 | D:6      | Killed a water moccasin
   805 | D:6      | Killed a steam dragon
   806 | D:6      | Reached skill level 5 in Spellcasting
   806 | D:6      | Reached skill level 7 in Fire Magic
   806 | D:6      | Reached XP level 8. HP: 26/57 MP: 9/16
   875 | D:6      | HP: 1/57 [orc/+0 short sword (2)]
   876 | D:6      | Demolished by an orc warrior

Illustrated notes

Levels and vault maps discovered:
D:1:      dpeg_arrival_long_road, layout_rooms
D:2:      layout_basic, basic_altar, minmay_crystal_water
D:3:      kennysheep_the_goblin_king, layout_rooms
D:4:      layout_basic, mainiacjoe_overflow_divided_tiny, temple_doors_cd
D:5:      layout_layer_cave, nicolae_specific_store, minmay_manual_maat,
          uniq_menkaure, uniq_sigmund
D:6:      layout_basic
Temple:   nicolae_temple_bog_church

Skill      XL: |  1  2  3  4  5  6  7 |
---------------+----------------------+-----
Spellcasting   | 3 4 5 |  5.7
Fire Magic     | 4 6 7 |  7.6
Conjurations   | 4 5 |  5.3
Dodging        | 3 |  3.9
Stealth        | |  1.6

Action                   |  1- 3 |  4- 6 |  7- 9 || total
-------------------------+-------+-------+-------++-------
Melee: Unarmed           |       |     1 |     3 ||     4
 Cast: Foxfire           |     6 |     8 |    12 ||    26
       Scorch            |       |     7 |     7 ||    14
       Flame Wave        |       |       |     2 ||     2
  Use: Potion            |       |       |     5 ||     5
Armor: Robe              |       |       |     1 ||     1
Dodge: Dodged            |       |     4 |     6 ||    10
